 Dungeon Crawl Stone Soup version 0.30.1-11-g7821555f0a (webtiles) character file.

Game seed: 347454381907538502

18 ChrisAssaf the Stinger (level 2, -1/22 HPs)
             Began as a Draconian Venom Mage on Dec 11, 2023.
             Slain by an adder (3 damage)
             ... on level 2 of the Dungeon.
             The game lasted 00:02:32 (437 turns).

ChrisAssaf the Stinger (Draconian Venom Mage)        Turns: 437, Time: 00:02:33

Health: -1/22      AC:  4    Str: 10    XL:     2   Next: 51%
Magic:  4/5        EV: 12    Int: 15    God:
Gold:   29         SH:  0    Dex: 11    Spells: 4/5 levels left

rFire   . . .        d - +0 dagger
rCold   . . .        (no shield)
rNeg    . . .        (body armour unavailable)
rPois   .            (helmet restricted)
rElec   .            (no cloak)
rCorr   .            (no gloves)
SInv    .            (no boots)
Will    .....        (no amulet)
Stlth   ++           (no ring)
HPRegen 0.23/turn    (no ring)
MPRegen 0.09/turn

%: no passive effects
@: flying
A: AC +4, unfitting armour, cold-blooded
a: no special abilities


You were on level 2 of the Dungeon.
You visited 1 branch of the dungeon, and saw 2 of its levels.

You collected 29 gold pieces.

Inventory:

Hand Weapons
 d - a +0 dagger (weapon)
Missiles
 b - 6 boomerangs (quivered)


   Skills:
 * Level 0.4 Fighting
 * Level 0.4 Throwing
 * Level 1.8 Dodging
 * Level 1.8 Stealth
 * Level 2.1 Spellcasting
 * Level 1.1 Transmutations
 * Level 3.3 Poison Magic


You had 4 spell levels left.
You knew the following spells:

 Your Spells              Type           Power      Damage    Failure   Level
a - Sting                 Tmut/Pois      32%        1d4       9%          1

Your spell library contained the following spells:

 Spells                   Type           Power      Damage    Failure   Level
 Poisonous Vapours        Pois/Air       12%        N/A       17%         2
 Mephitic Cloud           Conj/Pois/Air  5%         N/A       38%         3
 Olgreb's Toxic Radiance  Pois           11%        N/A       47%         4


Dungeon Overview and Level Annotations

Branches:
Dungeon (1/15)

Altars:

Shops:
D:1 ?

Annotations:
D:2 Terence


Innate Abilities, Weirdness & Mutations

Your plain brown scales are hard. (AC +4)
You cannot fit into any form of body armour.
You are cold-blooded and may be slowed by cold attacks.


Message History

The sting hits Terence but does no damage.
Terence is poisoned.
The adder hisses angrily.
Casting: Sting (safe; 9% risk of failure)
Confirm with . or Enter, or press ? or * to list all spells.
Aiming: Sting (safe; 9% risk of failure)
Press: ? - help, Shift-Dir - straight line, f/p - Terence
Aim: Terence, wielding a +0 flail and wearing a +0 scale mail (lightly wounded, poisoned, 72% to hit)
The sting misses Terence.
Magic courses through your body. Terence hits you with a +0 flail.
Casting: Sting (safe; 9% risk of failure)
Confirm with . or Enter, or press ? or * to list all spells.
Aiming: Sting (safe; 9% risk of failure)
Press: ? - help, Shift-Dir - straight line, f/p - Terence
Aim: Terence, wielding a +0 flail and wearing a +0 scale mail (lightly wounded, poisoned, 72% to hit)
The sting misses Terence.
The sting misses the adder.
Terence barely misses you.
Unknown command.
Casting: Sting (safe; 9% risk of failure)
Confirm with . or Enter, or press ? or * to list all spells.
Aiming: Sting (safe; 9% risk of failure)
Press: ? - help, Shift-Dir - straight line, f/p - Terence
Aim: Terence, wielding a +0 flail and wearing a +0 scale mail (lightly wounded, poisoned, 72% to hit)
The sting hits Terence but does no damage.
Terence looks even sicker.
Terence is lightly wounded.
Terence hits you with a +0 flail! Terence attacks as you move away!
Terence hits you with a +0 flail!
* * * LOW HITPOINT WARNING * * *
The adder attacks as you move away! The adder barely misses you.
The adder bites you.
* * * LOW HITPOINT WARNING * * *
Terence says, "Did you write a will?
You should..."
It was a potion of flight.
You feel very buoyant.
You fly up into the air.
The adder bites you.
* * * LOW HITPOINT WARNING * * *
The adder attacks as you move away! The adder bites you but does no damage.
Found a fizzy green potion.
The adder bites you.
You die...

#####.. ##. #......#.. ...
#......#.# # . ...
#......#(# .. ..##..#
#......#.# ... ... !....#
##......#.# ....
....###..###.......#.##...#
....#......@.......#......##
.........@S#......)).......#
......#..#.#.......#.###.#.#
.....†#............#.# #
.$...........###......
...........#.# #.###...
####.............# #....
#.......#.###.# +....+
#..#....#.# #.# #....#


You could see Terence (poisoned) and an adder.

Vanquished Creatures
  A dart slug (D:1)
  2 endoplasms (D:1)
  3 goblins
  2 hobgoblins
  A kobold (D:2)
  A quokka (D:1)
  2 ball pythons
  A bat (D:2)
  2 rats (D:1)
15 creatures vanquished.

Notes
Turn   | Place    | Note
-------+----------+-------------------------------------------
     0 | D:1      | ChrisAssaf the Draconian Venom Mage began the quest for the
                  | Orb.
     0 | D:1      | Reached XP level 1. HP: 14/14 MP: 3/3
   280 | D:1      | Reached XP level 2. HP: 20/20 MP: 0/5
   353 | D:1      | Found Zaegh's Magic Scroll Shop.
   393 | D:1      | You fall into a shaft and drop 1 floor!
   425 | D:2      | Noticed Terence
   437 | D:2      | Slain by an adder

Illustrated notes

Levels and vault maps discovered:
D:1:      beargit_arrival_greenhouse, layout_basic, serial_shops,
          nicolae_shop_advertising_works [nicolae_subvault_shop_adworks],
          chequers_serial_rivers_large_a, corexii_hall_statues_l
D:2:      layout_basic, uniq_terence

Action                     || total
---------------------------++-------
  Melee: Dagger            ||     1
  Throw: Boomerang         ||    23
   Cast: Sting             ||    21
    Use: Scroll            ||     3
         Potion            ||     2
 Armour: Skin              ||     5
  Dodge: Dodged            ||    10
